AoeStats
← aclcbrn

Black Forest

510386989Analyzed
4v4 RM · 1d ago on Sep 30, 2026· 50m 41s· 8 players
Game mode
Random Map
Map size
Large (8 player)
Population
200
Speed
Normal
Resources
Standard
Victory
Conquest
Starting age
Dark Age
Ending age
Imperial Age
RankedLock teamsTeams togetherTeam positionsShared explorationLock speedFull tech treeHidden civsTurbo modeCheats
Victory
Defeat
🇹🇷 Hindustanis · Türkiye
1158
+10
🇹🇷 Teutons · Türkiye
1071
+13
🇹🇷 Khmer · Türkiye
989
+16
🇹🇷 Bohemians · Türkiye
985
+16
🇳🇱 Spanish · Netherlands
1047
-16
🇭🇺 Bohemians · Hungary
991
-13
🇬🇧 Gurjaras · United Kingdom
979
-13
🇸🇰 Maya · Slovakia
978
-13
RtW
2:38 Loom
10:53 Feudal Age
16:25 Castle Age
15:39 Horse Collar
15:47 Double-Bit Axe
18:04 Bow Saw
20:24 Heavy Plow
23:53 Wheelbarrow
26:42 Hand Cart
27:25 Town Watch
32:32 Imperial Age
30:27 Forging
30:19 Padded Archer Armor
30:09 Fletching
30:20 Scale Mail Armor
31:49 Chemistry
31:15 Caravan
31:45 Coinage
32:09 Leather Archer Armor
32:29 Iron Casting
31:34 Man-at-Arms
33:00 Bodkin Arrow
33:22 Chain Mail Armor
33:14 Long Swordsman
34:39 Town Patrol
35:51 Two-Man Saw
34:19 Two-Handed Swordsman
36:47 Bombard Tower
37:07 Ring Archer Armor
36:38 Bracer
37:38 Blast Furnace
37:11 Banking
36:51 Guilds
36:18 Champion
36:31 Pikeman
37:12 Squires
36:57 Arson
37:32 Siphons
37:46 Elite Hussite Wagon
38:21 Halberdier
39:36 Houfnice
44:50 Elite Skirmisher
msmatossms
0:30 Loom
11:02 Feudal Age
16:35 Castle Age
25:15 Imperial Age
25:18 Double-Bit Axe
26:06 Fletching
26:58 Padded Archer Armor
29:31 Conscription
32:50 Ballistics
34:06 Treadmill Crane
35:45 Bow Saw
36:28 Thumb Ring
37:37 Fortified Wall
38:26 Wheelbarrow
38:12 Capped Ram
39:54 Town Watch
41:41 Chemistry
40:39 Bodkin Arrow
41:41 Bracer
41:31 Horse Collar
41:24 Crossbowman
43:16 Eagle Warrior
43:17 Pikeman
45:24 Squires
45:01 Elite Eagle Warrior
46:04 Forging
45:54 Scale Mail Armor
48:10 Elite Skirmisher
aclcbrn
1:34 Loom
12:17 Feudal Age
13:12 Double-Bit Axe
18:50 Castle Age
17:34 Gold Mining
17:34 Horse Collar
20:46 Bow Saw
28:36 Imperial Age
26:09 Stone Mining
27:31 Wheelbarrow
28:27 Caravan
28:41 Forging
28:44 Squires
31:02 Chemistry
30:25 Ballistics
30:28 Pikeman
32:13 Stone Shaft Mining
31:44 Fletching
32:21 Fortified Wall
32:34 Hand Cart
33:24 Bodkin Arrow
33:29 Padded Archer Armor
33:30 Scale Mail Armor
33:47 Town Watch
34:31 Conscription
35:37 Bracer
36:27 Halberdier
36:46 Elite Skirmisher
37:52 Chain Mail Armor
38:13 Iron Casting
37:53 Leather Archer Armor
38:53 Two-Man Saw
41:51 Arson
42:41 Plate Mail Armor
43:12 Blast Furnace
Asturon
10:27 Feudal Age
11:11 Double-Bit Axe
11:13 Horse Collar
17:13 Castle Age
15:56 Gold Mining
18:24 Heavy Plow
18:40 Bow Saw
20:07 Stone Mining
21:29 Wheelbarrow
21:52 Gold Shaft Mining
21:21 Caravan
23:52 Hand Cart
23:24 Loom
31:33 Imperial Age
31:20 Town Watch
31:49 Forging
31:45 Scale Barding Armor
31:51 Kshatriyas
31:48 Husbandry
31:59 Bloodlines
33:40 Conscription
34:26 Crop Rotation
35:00 Iron Casting
34:46 Chain Barding Armor
33:58 Elite Shrivamsha Rider
37:44 Plate Barding Armor
37:00 Fletching
37:12 Padded Archer Armor
38:52 Ballistics
39:33 Chemistry
38:56 Bodkin Arrow
39:15 Heavy Camel Rider
47:27 Frontier Guards
Tuğrul
0:33 Loom
12:11 Feudal Age
13:02 Double-Bit Axe
18:19 Castle Age
16:04 Horse Collar
17:45 Wheelbarrow
19:43 Heavy Plow
23:20 Hand Cart
24:06 Gold Mining
26:26 Caravan
31:15 Imperial Age
30:07 Bloodlines
30:04 Scale Barding Armor
31:26 Cavalier
32:18 Forging
32:48 Bow Saw
33:04 Stone Mining
34:33 Stone Shaft Mining
33:56 Paladin
35:59 Conscription
37:41 Chemistry
37:01 Capped Ram
37:04 Onager
42:38 Bombard Tower
42:55 Chain Barding Armor
43:46 Iron Casting
zeron
0:26 Loom
12:07 Feudal Age
12:51 Double-Bit Axe
15:46 Castle Age
14:53 Horse Collar
16:31 Wheelbarrow
17:06 Bow Saw
21:11 Town Watch
21:51 Gold Mining
29:47 Imperial Age
28:04 Fortified Wall
28:22 Caravan
29:52 Elite Ghulam
31:11 Hoardings
32:02 Chemistry
31:14 Masonry
31:14 Scale Mail Armor
32:42 Two-Man Saw
31:54 Husbandry
33:04 Conscription
32:57 Forging
34:01 Heavy Plow
34:49 Chain Mail Armor
35:09 Iron Casting
35:34 Hand Cart
35:43 Grand Trunk Road
35:52 Scale Barding Armor
36:01 Bloodlines
35:13 Heavy Camel Rider
36:39 Gold Shaft Mining
36:02 Stone Mining
38:04 Blast Furnace
38:16 Chain Barding Armor
38:54 Stone Shaft Mining
38:53 Imperial Camel Rider
38:55 Light Cavalry
40:27 Hussar
43:46 Plate Barding Armor
44:01 Shatagni
46:31 Thumb Ring
Oguzhan06
10:32 Feudal Age
11:30 Double-Bit Axe
11:29 Horse Collar
21:29 Castle Age
21:04 Padded Archer Armor
21:19 Forging
21:00 Fletching
22:12 Wheelbarrow
22:23 Heavy Plow
22:51 Bow Saw
27:40 Loom
28:23 Leather Archer Armor
29:22 Caravan
29:15 Fletching
36:13 Imperial Age
34:33 Town Watch
35:04 Hand Cart
35:25 Ballistics
35:43 Bodkin Arrow
36:24 Iron Casting
35:50 Scale Mail Armor
37:34 Chemistry
36:19 Elite Hussite Wagon
37:11 Wagenburg Tactics
37:42 Ring Archer Armor
37:48 Conscription
37:49 Town Patrol
39:11 Two-Man Saw
38:20 Houfnice
39:44 Bombard Tower
40:09 Siege Engineers
41:09 Bracer
42:09 Blast Furnace
41:25 Chain Mail Armor
41:15 Scale Barding Armor
42:10 Masonry
41:57 Murder Holes
46:09 Architecture
berker06ankara
12:22 Feudal Age
15:22 Castle Age
13:19 Horse Collar
14:02 Double-Bit Axe
15:19 Wheelbarrow
16:24 Bow Saw
16:18 Heavy Plow
20:36 Gold Mining
21:55 Town Watch
21:55 Loom
23:44 Gold Shaft Mining
25:00 Hand Cart
24:49 Stone Mining
25:40 Town Patrol
29:49 Imperial Age
27:31 Forging
27:22 Scale Mail Armor
27:34 Fletching
28:27 Padded Archer Armor
28:33 Scale Barding Armor
29:03 Iron Casting
29:17 Chain Mail Armor
29:51 Leather Archer Armor
29:31 Bodkin Arrow
30:57 Chain Barding Armor
32:16 Blast Furnace
31:48 Ring Archer Armor
31:40 Conscription
32:06 Bracer
32:37 Double Crossbow
33:24 Stone Shaft Mining
33:59 Plate Barding Armor
35:01 Chemistry
34:22 Ballistics
34:06 Tusk Swords
34:24 Bloodlines
34:16 Husbandry
34:17 Arson
34:13 Sappers
36:40 Hoardings
35:45 Light Cavalry
36:40 Heavy Scorpion
37:23 Hussar
43:37 Heated Shot
47:32 Elite Ballista Elephant
Connection lost

Rejoining the realm…

Still unreachable

The connection could not be restored.

Session expired

The server has moved on; the page needs a fresh start.